 Dungeon Crawl Stone Soup version 0.24-a0-285-g3c078ff (webtiles) character file.

Game seed: 5346158823496647718

1024 Ohm the Archer (level 8, 0/70 HPs)
             Began as a Centaur Arcane Marksman on May 8, 2019.
             Succumbed to an adder's poison
             ... on level 6 of the Dungeon.
             The game lasted 00:13:11 (6920 turns).

Ohm the Archer (Centaur Arcane Marksman)            Turns: 6920, Time: 00:13:12

Health: 0/70       AC:  5    Str: 16    XL:     8   Next: 2%
Magic:  9/9        EV:  9    Int: 12    God:
Gold:   211        SH:  0    Dex:  9    Spells: 6/9 levels left

rFire    + . .     SeeInvis .   b - +0 trident
rCold    x . .     Gourm    .   (no shield)
rNeg     . . .     Faith    .   (no armour)
rPois    .         Spirit   .   o - +2 hat
rElec    .         Reflect  .   (no cloak)
rCorr    .         Harm     .   (no gloves)
MR       .....                  (no barding)
Stlth    +.........             (no amulet)
HPRegen  0.21/turn              k - ring of flight
MPRegen  0.11/turn              y - ring of fire

@: lethally poisoned (0 -> -1), very quick
A: large, hooves 3, deformed body, speed 2, tough skin 3
a: Evoke Flight


You were on level 6 of the Dungeon.
You were not hungry.

You visited 1 branch of the dungeon, and saw 6 of its levels.

You collected 211 gold pieces.

Inventory:

Hand Weapons
 a - a +0 shortbow
 b - a +0 trident (weapon)
 m - a +0 short sword
Missiles
 c - 217 stones (quivered)
 d - 117 arrows
Armour
 e - a +0 robe
 o - a +2 hat (worn)
 p - a +0 leather armour
 A - a +0 chain mail
Jewellery
 k - a ring of flight (left hand)
 y - a ring of fire (right hand)
Wands
 x - a wand of flame (38)
Scrolls
 h - a scroll of fear {unknown}
 i - a scroll of random uselessness {unknown}
 j - 5 scrolls of identify
 l - 2 scrolls of teleportation
 n - 2 scrolls of enchant armour {unknown}
 q - a scroll of noise {unknown}
 r - 5 scrolls of remove curse
 s - 2 scrolls of enchant weapon {unknown}
 t - a scroll of blinking {unknown}
Potions
 g - 6 potions of curing
 u - a potion of agility
 v - 2 potions of might {unknown}
 w - 3 potions of flight {unknown}
 z - a potion of mutation {unknown}
Comestibles
 f - 10 rations
 B - a chunk of flesh


   Skills:
 * Level 5.7 Fighting
 * Level 1.2 Polearms
 + Level 9.0 Bows
 * Level 1.7 Armour
 - Level 1.3 Dodging
 - Level 1.0 Spellcasting
 - Level 2.6 Hexes


You had 6 spell levels left.
You knew the following spells:

 Your Spells              Type           Power        Failure   Level  Hunger
a - Corona                Hex            #......      10%         1    ##.....
b - Passwall              Tmut/Erth      #.......     41%         2    ###....

Your spell library contained the following spells:

 Spells                   Type           Power        Failure   Level  Hunger
 Slow                     Hex            #.......     16%         2    ###....
 Swiftness                Chrm/Air       #.......     41%         2    ###....
 Inner Flame              Hex/Fire       #.......     45%         3    ####...
 Portal Projectile        Hex/Tloc       #.....       45%         3    ####...
 Cause Fear               Hex            #.........   69%         4    #####..
 Leda's Liquefaction      Hex/Erth       #.........   86%         4    #####..
 Passage of Golubria      Tloc           N/A          96%         4    #####..
 Lee's Rapid Deconstruct  Erth           #.........   100%        5    ######.
 Darkness                 Hex            #.........   100%        6    #######
 Invisibility             Hex            #.......     100%        6    #######


Dungeon Overview and Level Annotations

Branches:
Dungeon (6/15)
 Temple: D:4-7

Altars:
Trog
Xom

Shops:
D:4 (

Annotations:
D:1 exclusion: downstairs
D:3 exclusion: downstairs
D:5 exclusion: downstairs
D:6 Edmund


Innate Abilities, Weirdness & Mutations

You have hooves in place of feet.
Armour fits poorly on your strangely shaped body.
You cover ground very quickly.
You have extremely tough skin. (AC +3)


Message History

Some of the chunks of flesh in your inventory have rotted away.
You hit the bullfrog.
The bullfrog is almost dead.
You feel sick. The bullfrog hits you.
* * * LOW HITPOINT WARNING * * *
The bullfrog hits you.
* * * LOW HITPOINT WARNING * * *
You closely miss the bullfrog.
The bullfrog is almost dead.
The bullfrog hits you.
* * * LOW HITPOINT WARNING * * *
The bullfrog closely misses you.
You miss the bullfrog.
The bullfrog is severely wounded.
The bullfrog hits you.
* * * LOW HITPOINT WARNING * * *
The bullfrog barely misses you.
You closely miss the bullfrog. Your kick misses the bullfrog.
The bullfrog is severely wounded.
You die...

......S..................>
..[...l##.#.#.##.#.#.#.#..
....... #@#.#.##..........
....... #O#.#.##.#.#.#.#..
....... #l#.#.##.........#
....... #S#.#....#.#.#.#.#
######. #Z#.###..........#
#F#.# #÷.#.#.#.#.# #@#
#..........# ###
#....###### ##.....
.......# .≈≈≈... ≈≈≈≈≈..
≈≈♣≈≈..


You could see Edmund, an ogre, a bullfrog, an adder, a leopard gecko and a
bullfrog skeleton.

Vanquished Creatures
  Prince Ribbit (D:5)
  An ice beast (D:4)
  A sky beast (D:6)
  An ogre (D:6)
  2 bullfrogs
  A scorpion (D:4)
  A crimson imp (D:5)
  A centaur skeleton (D:4)
  2 hounds
  A bullfrog skeleton (D:4)
  12 adders
  6 worms
  2 dart slugs
  4 leopard geckos
  10 orcs
  8 bats
  4 giant cockroaches
  10 goblins
  8 hobgoblins
  11 jackals
  8 kobolds
  4 quokkas
  A ball python (D:3)
  A ball python skeleton (D:4)
  6 frilled lizards
  A quokka zombie (D:5)
  5 rats
113 creatures vanquished.

Notes
Turn   | Place    | Note
-------+----------+-------------------------------------------
     0 | D:1      | Ohm the Centaur Arcane Marksman began the quest for the
                  | Orb.
     0 | D:1      | Reached XP level 1. HP: 16/16 MP: 2/2
   269 | D:1      | Reached skill level 3 in Bows
   646 | D:1      | Reached XP level 2. HP: 24/24 MP: 3/3
  1223 | D:2      | Reached XP level 3. HP: 16/29 MP: 4/4
  1567 | D:2      | Reached skill level 4 in Bows
  2112 | D:2      | Reached XP level 4. HP: 31/37 MP: 5/5
  3237 | D:3      | Reached skill level 5 in Bows
  3609 | D:3      | Found a shimmering altar of Xom.
  3609 | D:3      | Found a bloodstained altar of Trog.
  3654 | D:4      | Reached XP level 5. HP: 45/45 MP: 6/6
  3920 | D:4      | Found Giuth's Weapon Shoppe.
  3941 | D:4      | Noticed an ice beast
  3958 | D:4      | Reached skill level 6 in Bows
  4015 | D:3      | HP: 1/46 [kobold/puff of flame (9)]
  4364 | D:4      | Reached XP level 6. HP: 43/52 MP: 7/7
  4446 | D:4      | Learned a level 2 spell: Passwall
  4921 | D:5      | Entered Level 5 of the Dungeon
  5376 | D:5      | Noticed Prince Ribbit
  5667 | D:5      | Reached skill level 1 in Armour
  5926 | D:4      | Killed an ice beast
  5926 | D:4      | Reached skill level 7 in Bows
  6153 | D:5      | Killed Prince Ribbit
  6153 | D:5      | Reached skill level 5 in Fighting
  6153 | D:5      | Reached skill level 8 in Bows
  6153 | D:5      | Reached XP level 7. HP: 44/61 MP: 8/8
  6838 | D:6      | Reached skill level 1 in Polearms
  6838 | D:6      | Reached skill level 9 in Bows
  6838 | D:6      | Reached XP level 8. HP: 66/70 MP: 9/9
  6896 | D:6      | Noticed Edmund
  6919 | D:6      | HP: 1/70 [bullfrog (6)]
  6920 | D:6      | Succumbed to an adder's poison

Levels and vault maps discovered:
D:1:      zelgadis_glass_arrival_large, layout_basic
D:2:      layout_loops_ring
D:3:      layout_basic, chequers_temple_overflow_statue_of_worship
D:4:      layout_rooms, serial_shops, kennysheep_little_box
D:5:      layout_basic, first_ration, uniq_prince_ribbit1
D:6:      layout_basic, serial_glass, glass_columns_c, glass_columns_b,
          minmay_misc_feat_square, elyvilon_altar_3, uniq_edmund

Skill      XL: |  1  2  3  4  5  6  7 |
---------------+----------------------+-----
Bows           | 3 4 5 6 8 9 |  9.0
Fighting       | 2 3 4 5 |  5.7
Armour         | 1 |  1.7
Polearms       | 1 |  1.2
Dodging        | |  1.3
Spellcasting   | |  1.0
Hexes          | |  2.6

Action                   |  1- 3 |  4- 6 |  7- 9 || total
-------------------------+-------+-------+-------++-------
Melee: Unarmed           |    14 |       |       ||    14
       Short sword       |    89 |     2 |       ||    91
       Kick              |    17 |    33 |     2 ||    52
       Shortbow          |     6 |       |       ||     6
       Trident           |       |   187 |    44 ||   231
 Fire: Shortbow          |    32 |   144 |    41 ||   217
  Use: Scroll            |       |     3 |       ||     3
  Eat: Chunk             |     3 |    10 |     3 ||    16
Armor: Robe              |    46 |       |       ||    46
       Leather armour    |     8 |   114 |       ||   122
       Skin              |       |     1 |    19 ||    20
Dodge: Dodged            |    67 |   112 |    30 ||   209

Table legend:
 A = Non-vault XP
 B = Vault XP
 C = Vault XP percentage of total XP
 D = Non-vault monster count
 E = Vault monster count
 F = Vault count percentage of total count
                 A         B        C        D         E       F
            +---------+---------+-------+---------+---------+-------
      Total |    1189 |     274 |  18.7 |     112 |       1 |   0.9
            +---------+---------+-------+---------+---------+-------
        D:1 |      29 |       0 |   0.0 |      16 |       0 |   0.0
        D:2 |      72 |       0 |   0.0 |      25 |       0 |   0.0
        D:3 |      84 |       0 |   0.0 |      27 |       0 |   0.0
        D:4 |     405 |       0 |   0.0 |      22 |       0 |   0.0
        D:5 |     184 |     274 |  59.8 |      12 |       1 |   7.7
        D:6 |     415 |       0 |   0.0 |      10 |       0 |   0.0
            +---------+---------+-------+---------+---------+-------
